Map: Orbital Shipyard

Players

Miltreta

  • Race: Terran Terran

A.I. 1 (Medium) - Winner!

  • Race: Protoss Protoss

VOD

Have the link to the VOD?

Description

Time

  • Played on: March 8, 2016, 8:08 p.m.
  • Length: 19:32
Show
View Real Time Build Order
Export as new Build Order

Miltreta Terran 

Build Orders: MMM Bio 

Get SALT Encoding   

  12  0:01  SCV  
  13  0:14  SCV  
  14  0:30  SCV, Supply Depot  
  15  0:52  SCV, Engineering Bay  
  16  0:59  Barracks  
  17  1:04  SCV  
  17  1:15  Refinery  
  17  1:16  SCV  
  18  1:28  SCV  
  19  1:37  Refinery  
  19  1:40  SCV  
  20  1:53  Marine  
  22  1:58  Orbital Command  
  21  2:10  Command Center  
  21  2:12  Marine  
  22  2:32  SCV  
  23  2:50  Supply Depot  
  23  3:06  Supply Depot  
  23  3:12  SCV, Reaper  
  25  3:13  Supply Depot  
  25  3:24  SCV  
  26  3:36  SCV  
  26  3:41  Barracks  
  27  3:44  Reaper  
  28  3:59  Bunker  
  28  4:01  Barracks  
  28  4:07  Factory  
  28  4:11  Factory  
  28  4:20  Ghost Academy  
  28  4:24  SCV  
  29  4:32  Supply Depot  
  29  4:36  SCV  
  29  4:37  Barracks Tech Lab x2  
  30  4:48  SCV  
  31  5:00  SCV  
  31  5:01  Marauder x2  
  31  5:02  Barracks Tech Lab  
  36  5:12  SCV  
  36  5:22  Marauder x2  
  40  5:30  SCV  
  41  5:42  SCV  
  42  5:43  Marauder  
  42  5:44  Marauder  
  46  5:52  Orbital Command  
  46  5:54  SCV  
  47  5:59  Command Center  
  47  6:05  Marauder x3  
  47  6:06  SCV  
  54  6:26  Marauder x3  
  54  6:27  SCV  
  61  6:34  Supply Depot  
  61  6:37  Supply Depot  
  62  6:40  SCV  
  62  6:47  Marauder  
  62  6:52  SCV  
  62  6:53  Marauder x2  
  69  6:57  Concussive Shells  
  69  6:58  Combat Shields  
  69  6:59  Stimpack  
  69  7:01  Terran Infantry Weapons Level 1  
  69  7:04  SCV  
  70  7:09  Marauder  
  70  7:13  SCV  
  70  7:14  Marauder x2  
  77  7:16  SCV  
  78  7:25  SCV  
  78  7:28  SCV  
  80  7:30  Marauder  
  82  7:38  SCV  
  83  7:50  SCV  
  83  7:51  Factory Tech Lab  
  84  7:52  Starport  
  84  7:53  Factory Tech Lab  
  84  8:02  SCV  
  85  8:19  Siege Tank  
  88  8:25  Siege Tank  
  91  8:39  Reaper x3  
  94  8:51  Siege Tank  
  97  9:04  Refinery  
  97  9:06  Refinery  
  97  9:15  Supply Depot  
  97  9:29  Refinery  
  97  9:46  Refinery  
  86  11:06  Marauder x3  
  86  11:11  Cyclone x2  
  87  11:27  Marauder x3  
  89  11:43  Cyclone x2  
  91  11:48  Marauder  
  91  11:49  Marauder x2  
  95  12:01  Planetary Fortress  
  95  12:10  Marauder x3  
  95  12:15  Cyclone  
  104  12:31  Marauder x2  
  108  12:52  Supply Depot  
  108  12:54  Supply Depot  
  108  12:56  Supply Depot  
  108  12:57  Supply Depot  
  108  13:14  Medivac, Marauder  
  112  13:44  Medivac  
  112  13:48  Command Center  
  112  13:50  Command Center  
  83  14:14  Medivac  
  79  14:30  Sensor Tower  
  76  14:36  Missile Turret  
  76  14:44  Medivac  
  73  15:07  Missile Turret  
  73  15:14  Medivac  
  75  15:18  Refinery  
  75  15:48  Refinery  
  75  15:59  Refinery  
  75  16:02  Marauder x2  
  75  16:03  Refinery, Marauder  
  81  16:09  Personal Cloaking  
  81  16:24  Marauder x3  
  87  16:25  Siege Tank  
  87  16:26  Siege Tank  
  93  16:34  Starport Reactor  
  93  16:44  Ghost x2  
  93  16:45  Marauder  
  99  16:58  Siege Tank x2  
  105  17:06  Ghost  
  107  17:13  Ghost x2  
  61  17:30  Siege Tank x2  
  61  17:34  Ghost  
  61  17:35  Nuke  
  65  17:41  Ghost  
  53  17:58  Marine  
  53  18:02  Viking x2, Siege Tank  
  51  18:13  Widow Mine  
  51  18:16  Marine  
  51  18:31  Viking  
  51  18:32  Viking  
  51  18:34  Marine  
  51  18:41  Widow Mine  
  53  18:52  Marine  
Show
View Real Time Build Order
Export as new Build Order

A.I. 1 (Medium) Protoss - Winner!

Build Orders:  

Get SALT Encoding   

  12  0:01  Probe (Chrono Boost)  
  13  0:11  Probe (Chrono Boost)  
  14  0:20  Pylon  
  14  0:22  Probe (Chrono Boost)  
  15  0:38  Probe (Chrono Boost)  
  16  0:47  Assimilator  
  16  0:49  Gateway, Probe (Chrono Boost)  
  17  0:59  Probe (Chrono Boost)  
  17  1:00  Pylon  
  18  1:28  Gateway  
  18  1:33  Assimilator  
  18  1:35  Zealot  
  20  1:40  Cybernetics Core  
  20  2:00  Zealot  
  20  2:06  Pylon  
  22  2:11  Warp Gate  
  22  2:15  Stalker  
  24  2:29  Stalker  
  24  2:34  Probe (Chrono Boost)  
  27  2:44  Stalker  
  27  2:46  Probe (Chrono Boost)  
  30  2:54  Pylon  
  30  2:58  Probe (Chrono Boost)  
  31  2:59  Stalker  
  33  3:06  Forge  
  33  3:09  Probe (Chrono Boost)  
  35  3:20  Probe (Chrono Boost)  
  35  3:32  Probe (Chrono Boost)  
  36  5:19  Sentry  
  36  5:20  Probe (Chrono Boost)  
  39  5:21  Photon Cannon  
  39  5:24  Photon Cannon  
  39  5:26  Pylon, Nexus  
  39  5:29  Robotics Facility  
  39  5:32  Adept, Stargate  
  41  5:36  Twilight Council  
  41  5:40  Gateway  
  41  5:43  Forge  
  41  5:44  Stalker  
  41  5:45  Probe (Chrono Boost)  
  41  5:46  Pylon  
  44  5:57  Sentry  
  46  6:10  Adept  
  48  6:16  Observer  
  49  6:35  Observer  
  49  6:39  Probe (Chrono Boost)  
  51  6:42  Probe (Chrono Boost)  
  51  6:46  Assimilator  
  52  6:47  Pylon  
  52  6:49  Pylon  
  52  6:50  Probe (Chrono Boost)  
  52  6:53  Probe (Chrono Boost)  
  54  7:00  Probe (Chrono Boost)  
  55  7:03  Probe (Chrono Boost)  
  56  7:10  Photon Cannon  
  56  7:11  Probe (Chrono Boost)  
  56  7:12  Photon Cannon  
  56  7:14  Probe (Chrono Boost)  
  58  7:21  Probe (Chrono Boost)  
  59  7:24  Probe (Chrono Boost)  
  60  7:32  Probe (Chrono Boost)  
  60  7:35  Probe (Chrono Boost)  
  62  7:43  Probe (Chrono Boost)  
  63  7:45  Probe (Chrono Boost)  
  64  7:53  Probe (Chrono Boost)  
  64  7:56  Probe (Chrono Boost)  
  66  8:04  Probe (Chrono Boost)  
  67  8:06  Probe (Chrono Boost)  
  67  8:08  Assimilator  
  68  8:14  Probe (Chrono Boost)  
  68  8:17  Probe (Chrono Boost)  
  70  8:25  Probe (Chrono Boost)  
  71  9:39  Protoss Ground Weapons Level 1, Protoss Ground Armor Level 1  
  71  9:42  Warp Prism, Void Ray  
  77  9:46  Gateway  
  77  9:51  Zealot  
  77  9:52  Robotics Facility  
  79  9:56  Stargate, Nexus  
  79  9:58  Pylon  
  79  10:04  Dark Shrine  
  79  10:06  Zealot  
  59  10:15  Sentry  
  59  10:16  Warp Prism  
  63  10:23  Zealot  
  65  10:32  Adept  
  65  10:38  Observer  
  65  10:39  Zealot  
  64  10:46  Zealot  
  60  10:54  Zealot  
  60  11:01  Zealot  
  61  11:08  Zealot  
  60  11:12  Void Ray  
  61  11:20  Robotics Bay  
  61  11:22  Zealot  
  61  11:23  Templar Archives  
  58  11:27  Pylon  
  58  11:30  Zealot  
  59  11:34  Robotics Facility, Void Ray  
  63  11:44  Gateway, Zealot  
  63  11:47  Photon Cannon  
  63  11:49  Immortal  
  67  12:00  Sentry  
  69  12:03  Nexus  
  69  12:09  Stalker  
  71  12:17  Stalker  
  73  12:26  Stalker  
  75  12:35  Zealot  
  77  12:43  Adept  
  79  13:06  Protoss Ground Armor Level 2  
  79  13:08  Protoss Air Weapons Level 1  
  79  13:09  Protoss Ground Weapons Level 2  
  79  13:14  Dark Templar  
  79  13:19  Probe (Chrono Boost)  
  82  13:21  Sentry  
  82  13:22  Probe (Chrono Boost)  
  82  13:24  Probe (Chrono Boost)  
  86  13:29  Dark Templar  
  86  13:30  Probe (Chrono Boost)  
  86  13:33  Probe (Chrono Boost)  
  90  13:35  Probe (Chrono Boost)  
  90  13:40  Archon  
  90  13:41  Dark Templar  
  94  13:42  Probe (Chrono Boost)  
  94  13:45  Probe (Chrono Boost)  
  94  13:48  Dark Templar  
  97  13:50  Assimilator  
  97  13:52  Pylon  
  91  13:56  Pylon  
  91  13:57  Assimilator, Zealot  
  87  14:04  Zealot  
  77  14:12  Archon, Dark Templar  
  75  14:19  Dark Templar  
  77  14:31  Archon, Dark Templar  
  79  14:38  Dark Templar  
  81  14:45  Stalker  
  83  14:52  Stalker  
  83  14:57  Void Ray  
  83  14:59  Observer  
  81  15:04  Observer  
  81  15:05  Void Ray  
  85  15:10  Protoss Ground Armor Level 3  
  85  15:13  Protoss Shields Level 1  
  89  15:14  Stalker  
  89  15:15  Archon  
  91  15:22  Dark Templar  
  93  15:29  Sentry  
  95  15:36  Dark Templar  
  97  15:44  Nexus  
  97  15:48  Archon  
  97  16:09  Protoss Air Armor Level 1  
  97  16:48  Stalker  
  97  16:49  Protoss Ground Weapons Level 3  
  99  16:55  Stalker  
  99  16:59  Probe (Chrono Boost)  
  102  17:02  Probe (Chrono Boost)  
  102  17:06  Probe (Chrono Boost)  
  105  17:09  Probe (Chrono Boost)  
  105  17:12  Probe (Chrono Boost)  
  105  17:13  Probe (Chrono Boost)  
  105  17:14  Assimilator  
  107  17:18  Assimilator  
  107  17:22  Stalker  
  101  17:26  Blink  
  101  17:29  Stalker  
  103  17:35  Stalker  
  101  17:42  Adept  
  99  17:49  Zealot  
  99  17:55  Zealot  
  99  18:02  Stalker  
  101  18:08  Stalker  
  103  18:15  Stalker  
  105  18:21  Sentry  
Tags
 
Add a new tag
Caveats
  • Supply blocks, unpowered buildings, or Contaminate may cause inaccurate times.
  • Supply counts are checked every 10 seconds.